 Dungeon Crawl Stone Soup version 0.26.0-18-gc5c842f807 (webtiles) character file.

Game seed: 2453763589847735993

7012 H0rd4k the Thaumaturge (level 10, -6/50 HPs)
             Began as a Deep Elf Hedge Wizard on Jan 22, 2021.
             Was an Initiate of Gozag.
             Mangled by zahlanzi's ghost (33 damage)
             ... on level 9 of the Dungeon.
             The game lasted 00:33:13 (17232 turns).

H0rd4k the Thaumaturge (Deep Elf Hedge Wizard)     Turns: 17232, Time: 00:33:14

Health: -6/50      AC:  7    Str:  7    XL:     10   Next: 82%
Magic:  10/29      EV: 14    Int: 23    God:    Gozag
Gold:   1385       SH:  5    Dex: 14    Spells: 15/36 levels left

rFire    . . .     SeeInvis +   a - +0 dagger
rCold    . . .     Faith    .   (no shield)
rNeg     . . .     Spirit   .   b - +0 robe
rPois    .         Reflect  +   c - +1 hat
rElec    .         Harm     .   (no cloak)
rCorr    .         Rampage  .   (no gloves)
Will     +....                  (no boots)
Stlth    +++.......             G - amulet of reflection
HPRegen  0.16/turn              l - +4 ring of protection
MPRegen  0.21/turn              f - ring of see invisible

@: no status effects
A: no striking features
a: Renounce Religion, Potion Petition, Call Merchant, Bribe Branch


You were on level 9 of the Dungeon.
You worshipped Gozag.
Gozag was most pleased with you.
You visited 2 branches of the dungeon, and saw 12 of its levels.

You collected 1451 gold pieces.
You paid 66 gold pieces to Gozag.

Inventory:

Hand Weapons
 a - a +0 dagger (weapon)
Missiles
 i - 6 curare-tipped darts
 n - 9 atropa-tipped darts
Armour
 b - a +0 robe (worn)
 c - a +1 hat (worn)
 r - the +2 chain mail "Kitom" {-Cast rN+ Will++ Str+3}
   (You found it on level 6 of the Dungeon)

   It affects your strength (+3).
   It protects you from negative energy.
   It affects your willpower, your defense against some magical effects.
   It prevents spellcasting.
Magical Staves
 g - an uncursed staff of earth
Jewellery
 f - a ring of see invisible (right hand)
 l - a +4 ring of protection (left hand)
 G - an amulet of reflection (around neck)
Wands
 p - a wand of disintegration (12)
 t - a wand of random effects (36)
 D - a wand of iceblast (8)
 F - a wand of flame (10)
Scrolls
 h - 3 scrolls of enchant armour
 w - a scroll of fear
 x - a scroll of amnesia
 y - 2 scrolls of holy word {unknown}
 z - 2 scrolls of vulnerability {unknown}
 A - a scroll of remove curse
 B - a scroll of teleportation
 C - a scroll of enchant weapon {unknown}
 E - a scroll of blinking
Potions
 d - a potion of ambrosia
 e - a potion of experience
 j - 3 potions of lignification
 k - 2 potions of curing
 m - a potion of resistance
 o - a potion of heal wounds
 q - a potion of might
 s - 2 potions of brilliance
 u - 3 potions of attraction
 v - a potion of berserk rage
 H - 2 potions of mutation {unknown}


   Skills:
 + Level 4.2 Dodging
 + Level 4.3 Stealth
 + Level 13.7 Spellcasting
 + Level 8.7 Conjurations
 + Level 6.0 Summonings
 + Level 3.7 Translocations
 + Level 2.8 Fire Magic
 + Level 4.9 Air Magic
 + Level 3.8 Poison Magic


You had 15 spell levels left.
You knew the following spells:

 Your Spells              Type           Power        Failure   Level
a - Magic Dart            Conj           100%         1%          1
b - Blink                 Tloc           N/A          1%          2
c - Conjure Flame         Conj/Fire      42%          1%          3
d - Mephitic Cloud        Conj/Pois/Air  42%          1%          3
e - Summon Lightning Spi  Summ/Air       41%          4%          4
f - Conjure Ball Lightni  Conj/Air       23%          34%         6
g - Swiftness             Air            38%          1%          2

Your spell library contained the following spells:

 Spells                   Type           Power        Failure   Level
 Call Imp                 Summ           43%          1%          2
 Beastly Appendage        Tmut           30%          3%          1
 Spider Form              Tmut/Pois      12%          5%          3
 Slow                     Hex            15%          6%          2
 Wereblood                Tmut           15%          6%          2
 Ice Form                 Ice/Tmut       15%          36%         4
 Blade Hands              Tmut           7%           71%         5
 Borgnjor's Vile Clutch   Necr/Erth      7%           71%         5


Dungeon Overview and Level Annotations

Branches:
Dungeon (11/15)            Temple (1/1) D:4            Lair (0/6) D:8
    Orc: D:9-12

Altars:
Cheibriados
Dithmenos
Elyvilon
Fedhas
Gozag
Hepliaklqana
Kikubaaqudgha
Nemelex Xobeh
Okawaru
Qazlal
Trog
Uskayaw
Vehumet
Wu Jian
Xom
Yredelemnul
Zin

Shops:
D:4 (

Annotations:
D:7 exclusion: downstairs
D:9 zahlanzi's ghost, journeyman TrFi


Message History

Confirm with . or Enter, or press ? or * to list all spells.
Aiming: Magic Dart (safe; 1% risk of failure)
Press: ? - help, Shift-Dir - straight line, f/p - zahlanzi's ghost
Aim: zahlanzi's ghost (flame, heavily damaged, 0% to evade)
The magic dart hits zahlanzi's ghost but does no damage.
Zahlanzi's ghost is heavily damaged.
Zahlanzi's ghost is engulfed in blazing flames.
Zahlanzi's ghost barely misses you.
Casting: Magic Dart (safe; 1% risk of failure)
Confirm with . or Enter, or press ? or * to list all spells.
Aiming: Magic Dart (safe; 1% risk of failure)
Press: ? - help, Shift-Dir - straight line, f/p - zahlanzi's ghost
Aim: zahlanzi's ghost (flame, heavily damaged, 0% to evade)
The magic dart hits zahlanzi's ghost but does no damage.
Zahlanzi's ghost is heavily damaged.
Zahlanzi's ghost is engulfed in blazing flames.
Zahlanzi's ghost hits you!!
Ouch! That really hurt!
You die...
Your body crumbles into a pile of gold.

.........# #......# #..#..#.
.........# #......# #..#..##
#........# #......######..#....
#..#####.#####.....)........#....
#..#...#.......########.....#....
#..#...#.......#......#.....#....
#..#...#.......#.(....#.....'....
#..#...#.......#......#.....#....
...#...#.......#@######.....#.[..
...#...#.......W............#####
...#...'.....####.8..............
'#.#...#.....#..##'##............
.#>#####.....#......#............
.#...W..[....#......#............
.#.[.........#......#............
.#...........#......#............
.#.#####.....####'###......######


You could see zahlanzi's ghost and a friendly lightning spire (summoned).

Vanquished Creatures
  Erolcha (D:10)
  Pikel (D:9)
  Maurice (D:9)
  5 yaks (D:10)
  An orc warrior (D:4)
  3 ice beasts
  2 black bears (D:7)
  A phantom (D:4)
  3 necrophages
  4 ogres
  2 wolves
  2 centaurs
  2 big kobolds (D:7)
  4 bullfrogs
  A scorpion (D:5)
  13 killer bees
  A howler monkey (D:5)
  5 electric eels (D:8)
  A bullfrog zombie (D:5)
  2 centaur zombies
  6 hounds
  3 orc priests
  2 jellies
  5 iguanas
  5 orc wizards
  8 worker ants
  A hound skeleton (D:7)
  A howler monkey zombie (D:6)
  A worker ant zombie (D:3)
  4 adders
  A shadow imp (D:10)
  2 white imps
  An ooze (D:2)
  An ufetubus (D:7)
  An adder zombie (D:5)
  3 worms
  4 dart slugs
  7 leopard geckos
  23 orcs
  7 bats
  6 giant cockroaches
  9 goblins
  9 hobgoblins
  12 jackals
  14 kobolds
  4 quokkas
  A ball python (D:1)
  10 frilled lizards
  A jackal skeleton (D:2)
  A jackal zombie (D:5)
  2 quokka skeletons (D:4)
  16 rats
226 creatures vanquished.

Vanquished Creatures (collateral kills)
  Joseph (D:8)
  Psyche (D:9)
  A troll (D:7)
  7 killer bees
  A quokka (D:7)
11 creatures vanquished.

Vanquished Creatures (others)
  A human (D:7)
  A worm (D:4)
2 creatures vanquished.

Grand Total: 239 creatures vanquished

Notes
Turn   | Place    | Note
-------+----------+-------------------------------------------
     0 | D:1      | H0rd4k the Deep Elf Hedge Wizard began the quest for the
                  | Orb.
     0 | D:1      | Reached XP level 1. HP: 10/10 MP: 7/7
   222 | D:1      | Reached XP level 2. HP: 15/15 MP: 0/9
   309 | D:1      | Reached skill level 5 in Spellcasting
  1017 | D:1      | Reached XP level 3. HP: 19/19 MP: 5/11
  1080 | D:1      | Learned a level 2 spell: Blink
  1084 | D:1      | Learned a level 3 spell: Conjure Flame
  1088 | D:1      | Learned a level 3 spell: Mephitic Cloud
  2079 | D:2      | You fall into a shaft and drop 2 floors!
  2238 | D:2      | Reached XP level 4. HP: 24/24 MP: 10/13
  2300 | D:2      | Noticed a bullfrog
  3394 | D:3      | HP: 1/24 [orc wizard/+0 dagger (4)]
  3396 | D:3      | Reached skill level 1 in Air Magic
  3859 | D:3      | Reached skill level 6 in Spellcasting
  3859 | D:3      | Reached skill level 1 in Fire Magic
  3859 | D:3      | Reached skill level 1 in Poison Magic
  3859 | D:3      | Reached XP level 5. HP: 28/28 MP: 5/15
  5005 | D:4      | Noticed an ogre
  5246 | D:4      | Reached skill level 7 in Spellcasting
  5246 | D:4      | Reached XP level 6. HP: 30/32 MP: 5/18
  5674 | D:4      | Reached skill level 8 in Spellcasting
  5674 | D:4      | Reached XP level 7. HP: 36/36 MP: 4/20
  6550 | D:4      | Found Iguryrpha's Weapon Shoppe.
  6582 | D:4      | Identified the Disquisition on Earthen Flight
  6797 | D:4      | Found a bloodstained altar of Trog.
  6847 | D:4      | Found a staircase to the Ecumenical Temple.
  6856 | Temple   | Entered the Ecumenical Temple
  6935 | Temple   | Became a worshipper of Gozag Ym Sagoz the Greedy
  7005 | D:5      | Entered Level 5 of the Dungeon
  7027 | D:5      | Learned a level 4 spell: Summon Lightning Spire
  7039 | D:5      | Learned a level 6 spell: Conjure Ball Lightning
  7042 | D:5      | Learned a level 2 spell: Swiftness
  7379 | D:5      | Reached skill level 5 in Conjurations
  7638 | D:5      | Found a hide-covered altar of Uskayaw.
  7980 | D:2      | Reached skill level 9 in Spellcasting
  8123 | D:5      | Reached XP level 8. HP: 26/41 MP: 1/23
  8807 | D:6      | Got a pitted chain mail
  8895 | D:6      | Found a stormy altar of Qazlal.
  8990 | D:6      | Identified the +2 chain mail "Kitom" {-Cast rN+ Will++
                  | Str+3} (You found it on level 6 of the Dungeon)
  9500 | D:7      | Found an ancient bone altar of Kikubaaqudgha.
  9870 | D:7      | Reached skill level 10 in Spellcasting
 10904 | D:8      | Reached XP level 9. HP: 45/45 MP: 14/25
 10983 | D:8      | Noticed a troll
 11237 | D:7      | Killed a troll
 11300 | D:7      | Reached skill level 11 in Spellcasting
 12751 | D:8      | Found a staircase to the Lair.
 13277 | D:8      | Found a basalt altar of Yredelemnul.
 13545 | D:8      | Noticed Joseph
 13707 | D:8      | Killed Joseph
 13708 | D:8      | Reached skill level 12 in Spellcasting
 14479 | D:9      | Noticed Maurice
 14492 | D:9      | Killed Maurice
 14493 | D:9      | Reached XP level 10. HP: 32/50 MP: 11/28
 14680 | D:9      | Noticed zahlanzi's ghost (journeyman TrFi)
 14786 | D:9      | Found a runed translucent door.
 14919 | D:9      | Noticed Pikel
 14931 | D:9      | Killed Pikel
 14993 | D:9      | Noticed Psyche
 15014 | D:9      | Killed Psyche
 15405 | D:10     | Entered Level 10 of the Dungeon
 15655 | D:10     | Reached skill level 13 in Spellcasting
 15796 | D:10     | Noticed Erolcha
 16487 | D:10     | Reached skill level 5 in Summonings
 16692 | D:10     | Killed Erolcha
 17232 | D:9      | Mangled by zahlanzi's ghost

Illustrated notes

Levels and vault maps discovered:
D:1:      dpeg_arrival_prison, layout_loops_cross, serial_rivers,
          chequers_serial_rivers_marsh, chequers_serial_rivers_micro_d,
          chequers_serial_rivers_small_b, chequers_serial_rivers_micro_b,
          chequers_serial_rivers_micro_e, minmay_box_of_dots
D:2:      layout_basic
D:3:      layout_basic
D:4:      layout_rooms, kennysheep_little_box, lemuel_temple_firewalk_b,
          serial_shops, shop_fountains
D:5:      layout_rooms, basic_altar
D:6:      layout_cave_pools, grunt_qazlal_clouds, kennysheep_generic_room_4
D:7:      layout_basic, hangedman_decor_lopped, tgw_kikubaaqudgha
D:8:      layout_cave_pools, lemuel_crystal_altar, erik_lair_island,
          serial_park, serial_park_tiny_pond, serial_park_tiny_2,
          serial_park_tiny_2, serial_park_tiny_pond, uniq_joseph
D:9:      layout_irregular_city, hellmonk_ghost_happy_afterlife, uniq_maurice,
          uniq_psyche, uniq_pikel
D:10:     layout_long_grid, uniq_erolcha
D:11:     layout_small_grid, david_orc_5, kennysheep_windowed_goal
Temple:   hc_temple_tempest_star

Skill      XL: |  1  2  3  4  5  6  7  8  9 10 |
---------------+-------------------------------+-----
Spellcasting   | 5 6 7 8 9 10 12 13 | 13.7
Dodging        | 3 4 |  4.2
Stealth        | 3 4 |  4.3
Conjurations   | 2 3 5 6 7 8 |  8.7
Air Magic      | 1 2 3 4 |  4.9
Fire Magic     | 1 2 |  2.8
Poison Magic   | 1 2 3 |  3.8
Translocations | 2 3 |  3.7
Summonings     | 3 6 |  6.0

Action                   |  1- 3 |  4- 6 |  7- 9 | 10-12 || total
-------------------------+-------+-------+-------+-------++-------
 Cast: Magic Dart        |   132 |   221 |   464 |   122 ||   939
       Blink             |       |     6 |    26 |    13 ||    45
       Mephitic Cloud    |       |     9 |    43 |    10 ||    62
       Conjure Flame     |       |     2 |    25 |    17 ||    44
       Summon Lightning  |       |       |     5 |     9 ||    14
  Use: Scroll            |       |     4 |    14 |     5 ||    23
       Potion            |       |       |     1 |       ||     1
Armor: Robe              |     6 |     9 |    11 |     6 ||    32
Dodge: Dodged            |    29 |    30 |    83 |    15 ||   157
